Map: Orbital Shipyard

Players

MorN - Winner!

  • Race: Terran Terran
  • League: Master

BlameGame

  • Race: Zerg Zerg
  • League: Master

VOD

Have the link to the VOD?

Description

Time

  • Played on: Nov. 22, 2015, 10:19 p.m.
  • Length: 10:07
Show
View Real Time Build Order
Export as new Build Order

MorN Terran - Winner!

Build Orders: Reaper Expand, MMM Bio 

Get SALT Encoding   

  12  0:01  SCV  
  13  0:13  SCV  
  14  0:18  Supply Depot  
  14  0:25  SCV  
  15  0:39  SCV  
  15  0:41  Barracks  
  16  0:47  Refinery  
  16  0:52  SCV  
  17  1:04  SCV  
  18  1:16  SCV  
  19  1:29  Orbital Command  
  19  1:31  Reaper  
  20  1:42  Command Center  
  20  1:53  Supply Depot  
  20  1:55  SCV  
  21  2:03  Reaper  
  23  2:08  SCV  
  23  2:20  SCV  
  24  2:38  Factory  
  24  2:42  SCV  
  24  2:44  Refinery  
  25  2:47  Command Center  
  25  2:52  Barracks Reactor  
  25  2:55  SCV, Orbital Command  
  26  3:15  SCV  
  27  3:27  SCV  
  27  3:30  Factory Tech Lab, Starport, Marine x2  
  29  3:35  SCV  
  30  3:48  Marine x2  
  32  3:50  Siege Tank  
  32  3:52  Bunker  
  32  3:55  Bunker  
  35  3:56  Supply Depot  
  35  3:57  SCV  
  35  3:59  Orbital Command  
  36  4:05  Marine  
  36  4:06  Marine  
  37  4:21  Bunker  
  37  4:23  Supply Depot  
  36  4:34  SCV  
  37  4:41  Marine  
  37  4:42  Medivac  
  35  4:46  Supply Depot  
  35  4:51  SCV  
  35  4:52  SCV  
  37  4:58  Marine  
  37  4:59  Marine  
  39  5:02  Siege Tank  
  42  5:12  SCV  
  43  5:20  Viking  
  45  5:23  SCV  
  45  5:27  SCV  
  47  5:32  SCV  
  49  5:35  SCV  
  49  5:38  Supply Depot  
  49  5:39  Supply Depot x2  
  49  5:46  SCV  
  49  5:48  Factory Reactor, Barracks  
  49  5:49  Barracks  
  50  5:52  Stimpack  
  50  5:54  Marine  
  50  5:55  Starport Reactor  
  50  5:56  SCV  
  52  5:58  SCV, Engineering Bay  
  52  5:59  Engineering Bay  
  53  6:12  Marine  
  53  6:17  SCV  
  55  6:20  SCV  
  55  6:21  Barracks  
  55  6:22  Barracks  
  55  6:23  Refinery  
  55  6:24  Refinery  
  56  6:29  Terran Infantry Weapons Level 1  
  56  6:30  Terran Infantry Armor Level 1, Marine  
  57  6:35  Factory Reactor  
  57  6:48  Marauder  
  59  6:55  Marine x3  
  59  6:56  Marine  
  59  6:58  SCV  
  63  7:11  Barracks Reactor x2  
  63  7:14  SCV  
  63  7:15  Armory, Marine x5  
  66  7:16  Supply Depot  
  66  7:17  Medivac  
  66  7:19  SCV  
  72  7:29  Orbital Command  
  72  7:30  Medivac  
  72  7:33  Marine x4  
  72  7:35  Supply Depot  
  78  7:43  Supply Depot  
  78  7:46  Medivac  
  78  7:50  Missile Turret  
  71  7:51  Marine x3  
  71  7:52  Combat Shields, Marine x6  
  71  7:54  Missile Turret  
  71  7:55  Missile Turret  
  71  7:57  SCV x2, Missile Turret  
  82  7:59  SCV  
  83  8:09  Marine x4  
  83  8:12  Missile Turret  
  87  8:18  SCV x2  
  87  8:21  SCV  
  88  8:30  SCV, Marauder, Widow Mine, Marine x5  
  98  8:37  Missile Turret, Marine x2  
  98  8:38  SCV x2, Marine  
  103  8:42  SCV  
  103  8:46  Medivac x2  
  103  8:47  Marine  
  103  8:48  Marine  
  110  8:50  SCV x2  
  112  8:57  Marine x2  
  112  8:58  Marine  
  112  8:59  Marine x2  
  112  9:01  Widow Mine x2  
  121  9:06  Liberator  
  121  9:07  Liberator  
  109  9:19  Marine x8  
  119  9:25  Marine  
  119  9:27  SCV x2  
  119  9:30  SCV  
  123  9:31  Command Center  
  123  9:34  Widow Mine  
  123  9:35  Barracks  
  123  9:36  Barracks  
  123  9:37  Barracks  
  125  9:48  Marine  
Show
View Real Time Build Order
Export as new Build Order

BlameGame Zerg 

Build Orders: Hatch First, Muta Ling Bane 

Get SALT Encoding   

  12  0:01  Drone  
  13  0:15  Overlord  
  13  0:20  Drone  
  14  0:31  Drone, Extractor  
  14  0:34  Drone  
  16  0:37  Drone  
  17  0:54  Hatchery  
  16  0:58  Drone  
  17  1:04  Extractor  
  17  1:05  Drone  
  17  1:16  Spawning Pool  
  16  1:23  Drone x2  
  18  1:30  Drone  
  19  1:42  Overlord  
  19  2:03  Queen  
  19  2:04  Zergling x4  
  19  2:07  Metabolic Boost  
  23  2:08  Queen  
  23  2:11  Drone  
  27  2:15  Drone  
  27  2:19  Drone  
  28  2:29  Drone x2  
  30  2:44  Drone  
  30  2:54  Zergling x4  
  32  3:01  Drone x2, Overlord  
  34  3:12  Baneling Nest  
  33  3:13  Zergling x6  
  33  3:15  Overlord x2  
  36  3:32  Zergling x10  
  41  3:38  Zergling x2  
  42  3:45  Zergling x2  
  43  3:56  Zergling x14  
  43  3:57  Baneling  
  43  3:58  Baneling x6  
  49  4:16  Zergling x6  
  48  4:25  Drone x5  
  48  4:30  Drone x3  
  52  4:33  Lair  
  48  4:40  Zergling x2  
  42  4:46  Drone x2  
  44  4:53  Extractor x2  
  44  4:55  Drone  
  44  4:57  Zergling x2  
  44  5:03  Hatchery  
  44  5:04  Drone x3  
  46  5:07  Extractor  
  46  5:10  Drone  
  46  5:11  Drone x2  
  48  5:20  Drone x2  
  50  5:26  Drone  
  50  5:27  Drone  
  52  5:32  Spire  
  52  5:34  Drone  
  52  5:35  Drone x2  
  54  5:40  Zergling x4  
  54  5:41  Zergling x6  
  59  5:42  Centrifical Hooks  
  59  5:51  Overseer  
  59  5:53  Zergling x2  
  60  5:57  Overlord  
  60  6:04  Evolution Chamber  
  60  6:07  Overlord x3  
  59  6:19  Spine Crawler  
  59  6:20  Pneumatized Carapace  
  59  6:22  Queen  
  59  6:23  Drone  
  59  6:24  Drone x5  
  66  6:30  Zerg Ground Armor Level 1  
  66  6:34  Drone  
  67  6:49  Mutalisk x4  
  67  6:51  Drone x3  
  67  6:53  Zergling x2  
  67  6:54  Zergling x2  
  79  7:03  Zergling x2  
  79  7:04  Zergling x8  
  79  7:13  Zergling x2  
  79  7:14  Zergling x8  
  79  7:15  Mutalisk x2  
  84  7:19  Drone x2  
  84  7:21  Overlord  
  90  7:23  Overlord, Extractor x2  
  88  7:31  Mutalisk  
  90  7:43  Mutalisk x3  
  91  7:50  Drone x4  
  91  7:51  Drone x2  
  101  7:54  Extractor  
  101  7:56  Evolution Chamber, Drone x6  
  105  7:59  Baneling  
  105  8:00  Baneling x6  
  105  8:02  Overlord  
  105  8:06  Overlord x2  
  105  8:18  Overlord  
  105  8:19  Overlord x2  
  105  8:23  Zergling x2  
  105  8:24  Zergling x16  
  114  8:40  Drone  
  115  8:44  Baneling x6  
  115  8:45  Zergling x2  
  116  8:49  Drone  
  116  8:50  Drone x2  
  116  8:51  Mutalisk  
  118  8:59  Zergling x2  
  118  9:00  Hatchery, Zergling x12  
  109  9:16  Zergling x14  
  92  9:22  Mutalisk  
  92  9:23  Mutalisk x5  
  102  9:25  Overseer  
  102  9:27  Baneling  
  102  9:28  Baneling  
  102  9:29  Baneling  
  102  9:30  Baneling  
  102  9:32  Baneling  
  102  9:33  Zergling x6  
  102  9:34  Zergling x6  
  107  9:47  Zergling x2  
  107  9:48  Zergling x6  
Tags
 
Add a new tag
Caveats
  • Supply blocks, unpowered buildings, or Contaminate may cause inaccurate times.
  • Supply counts are checked every 10 seconds.